BSA
HENDERSONVILLE HITMEN @ NEW ORLEANS LOOTERS
07/27/2026
 
TOP OF THE 1ST
Hendersonville Hitmen batting - Pitching for New Orleans Looters : RHP Marty Bradford
Pitching: RHP Marty Bradford
Batting: LHB Pedro Gonzáles 0-0: Fly out, F7 (Flyball, 7M)
Batting: LHB Lorenzo Quintanilla 0-0: Foul Ball, location: 2F
0-1: Foul Ball, location: 2F
0-2: Ball
1-2: Foul Ball, location: 2F
1-2: Foul Ball, location: 2F
1-2: SINGLE (Groundball, 34D)
Batting: RHB Manolo Román 0-0: Called Strike
Lorenzo Quintanilla is caught stealing 2nd base
0-1: Ball
1-1: SINGLE (Groundball, 6MD)
Batting: LHB Tony Abete 0-0: Fly out, F7 (Flyball, 78D)
Top of the 1st over - 0 run(s), 2 hit(s), 0 error(s), 1 left on base; Hendersonville 0 - New Orleans 0
BOTTOM OF THE 1ST
New Orleans Looters batting - Pitching for Hendersonville Hitmen : RHP Won-min Im
Pitching: RHP Won-min Im
Batting: RHB Rich Ruffin 0-0: Ball
1-0: Ball
2-0: Ground out 4-3 (Groundball, 4)
Batting: RHB Stephen Shaw 0-0: Foul Ball, location: 2F
0-1: Ball
1-1: Ball
2-1: Foul Ball, location: 2F
2-2: Ball
3-2: Fly out, F9 (Flyball, 9M)
Batting: LHB Taylor Smith 0-0: Foul Ball, location: 2F
0-1: Ball
1-1: Ball
2-1: Ball
3-1: Ground out 4-3 (Groundball, 34)
Bottom of the 1st over - 0 run(s), 0 hit(s), 0 error(s), 0 left on base; Hendersonville 0 - New Orleans 0
TOP OF THE 2ND
Hendersonville Hitmen batting - Pitching for New Orleans Looters : RHP Marty Bradford
Batting: RHB Robert Buckley 0-0: Called Strike
0-1: Foul Ball, location: 2F
0-2: Ground out 5-3 (Groundball, 5L)
Batting: LHB José Flores 0-0: Swinging Strike
0-1: Ball
1-1: Foul Ball, location: 2F
1-2: Strikes out looking
Batting: RHB Bill Mark 0-0: DOUBLE (Line Drive, 78M)
Batting: RHB Taylor McFarland 0-0: Swinging Strike
0-1: Swinging Strike
0-2: Strikes out swinging
Top of the 2nd over - 0 run(s), 1 hit(s), 0 error(s), 1 left on base; Hendersonville 0 - New Orleans 0
BOTTOM OF THE 2ND
New Orleans Looters batting - Pitching for Hendersonville Hitmen : RHP Won-min Im
Batting: SHB Zach Franks 0-0: Ground out U3 (Groundball, 3)
Batting: LHB Luis Sánchez 0-0: Called Strike
0-1: SINGLE (Groundball, 34D)
Batting: SHB Nate Rhodes 0-0: Called Strike
0-1: Swinging Strike
0-2: Strikes out swinging
Batting: LHB Justino Salas 0-0: Ball
1-0: Called Strike
1-1: Called Strike
1-2: Ground out 1-3 (Groundball, 23)
Bottom of the 2nd over - 0 run(s), 1 hit(s), 0 error(s), 1 left on base; Hendersonville 0 - New Orleans 0
TOP OF THE 3RD
Hendersonville Hitmen batting - Pitching for New Orleans Looters : RHP Marty Bradford
Batting: RHB Robert Bly 0-0: Ball
1-0: Ball
2-0: SINGLE (Line Drive, 8LS)
Batting: LHB Pedro Gonzáles 0-0: Foul Ball, location: 2F
0-1: Ball
1-1: Grounds into double play, U4-3 (Groundball, 4)
Batting: LHB Lorenzo Quintanilla 0-0: Called Strike
0-1: Ground out 4-3 (Groundball, 13)
Top of the 3rd over - 0 run(s), 1 hit(s), 0 error(s), 0 left on base; Hendersonville 0 - New Orleans 0
BOTTOM OF THE 3RD
New Orleans Looters batting - Pitching for Hendersonville Hitmen : RHP Won-min Im
Batting: RHB Dave O'Loan 0-0: Called Strike
0-1: Foul Ball, location: 2F
0-2: Foul Ball, location: 2F
0-2: Ball
1-2: Ball
2-2: Ball
3-2: SINGLE (Groundball, 56D)
Batting: RHB Ángel Castaneda 0-0: Ball
1-0: Called Strike
1-1: Called Strike
1-2: Ball
2-2: Strikes out swinging
Batting: RHB Rich Ruffin 0-0: Called Strike
0-1: Called Strike
0-2: Ball
1-2: SINGLE (Groundball, 4MD) (infield hit)
Dave O'Loan to second
Batting: RHB Stephen Shaw 0-0: Ball
1-0: Ball
2-0: Called Strike
2-1: Ball
3-1: Called Strike
3-2: SINGLE (Groundball, 56D)
Dave O'Loan to third
Rich Ruffin to second
Runner from 3rd tries for Home, SAFE, throw made home
Rich Ruffin to third
Stephen Shaw to second
Batting: LHB Taylor Smith 0-0: Ball
1-0: Ball
2-0: Foul Ball, location: 2F
2-1: Ball
3-1: Fly out, F5 (Popup, 7LSF)
Batting: SHB Zach Franks 0-0: Ball
1-0: Ball
2-0: Ball
3-0: Called Strike
3-1: Called Strike
3-2: Ground out 5-3 (Groundball, 5S)
Bottom of the 3rd over - 1 run(s), 3 hit(s), 0 error(s), 2 left on base; Hendersonville 0 - New Orleans 1
TOP OF THE 4TH
Hendersonville Hitmen batting - Pitching for New Orleans Looters : RHP Marty Bradford
Batting: RHB Manolo Román 0-0: Ball
1-0: Ball
2-0: Ground out 5-3 (Groundball, 5)
Batting: LHB Tony Abete 0-0: DOUBLE (Groundball, 3L)
Batting: RHB Robert Buckley 0-0: Ball
1-0: Ball
2-0: Ground out 1-3 (Groundball, 13S)
Tony Abete to third
Batting: LHB José Flores 0-0: Ball
1-0: Ground out 4-3 (Groundball, 4)
Top of the 4th over - 0 run(s), 1 hit(s), 0 error(s), 1 left on base; Hendersonville 0 - New Orleans 1
BOTTOM OF THE 4TH
New Orleans Looters batting - Pitching for Hendersonville Hitmen : RHP Won-min Im
Batting: LHB Luis Sánchez 0-0: Called Strike
0-1: Swinging Strike
0-2: Ball
1-2: Strikes out swinging
Batting: SHB Nate Rhodes 0-0: Bunt missed!
0-1: Foul Ball, location: 2F
0-2: Ball
1-2: Ball
2-2: SINGLE (Groundball, 4MD)
Batting: LHB Justino Salas 0-0: Ball
1-0: Foul Ball, location: 2F
1-1: Ball
2-1: Grounds into double play, 6-4-3 (Groundball, 6M)
Bottom of the 4th over - 0 run(s), 1 hit(s), 0 error(s), 0 left on base; Hendersonville 0 - New Orleans 1
TOP OF THE 5TH
Hendersonville Hitmen batting - Pitching for New Orleans Looters : RHP Marty Bradford
Batting: RHB Bill Mark 0-0: Ball
1-0: Ground out 6-3 (Groundball, 6)
Batting: RHB Taylor McFarland 0-0: SINGLE (Line Drive, 8RS)
Batting: RHB Robert Bly 0-0: Ball
1-0: SINGLE (Groundball, 4D)
Taylor McFarland to second
Taylor McFarland to third
Batting: LHB Pedro Gonzáles 0-0: Ball
1-0: Ball
2-0: Foul Ball, location: 2F
2-1: Called Strike
2-2: Fly out, F8 (Flyball, 8LS)
Batting: LHB Lorenzo Quintanilla 0-0: Called Strike
0-1: Foul Ball, location: 2F
0-2: Ball
1-2: Foul Ball, location: 2F
1-2: SINGLE (Groundball, 56) (infield hit)
Taylor McFarland scores
Robert Bly to second
Batting: RHB Manolo Román 0-0: Foul Ball, location: 2F
0-1: Foul Ball, location: 2F
0-2: Fly out, F7 (Line Drive, 78M)
Top of the 5th over - 1 run(s), 3 hit(s), 0 error(s), 2 left on base; Hendersonville 1 - New Orleans 1
BOTTOM OF THE 5TH
New Orleans Looters batting - Pitching for Hendersonville Hitmen : RHP Won-min Im
Batting: RHB Dave O'Loan 0-0: Ball
1-0: Ball
2-0: Swinging Strike
2-1: Foul Ball, location: 2F
2-2: SINGLE (Groundball, 56D)
Batting: RHB Ángel Castaneda 0-0: Grounds into double play, 5-4-3 (Groundball, 5)
Batting: RHB Rich Ruffin 0-0: Called Strike
0-1: Fly out, F8 (Flyball, 8RS)
Bottom of the 5th over - 0 run(s), 1 hit(s), 0 error(s), 0 left on base; Hendersonville 1 - New Orleans 1
TOP OF THE 6TH
Hendersonville Hitmen batting - Pitching for New Orleans Looters : RHP Marty Bradford
Batting: LHB Tony Abete 0-0: Ball
1-0: Foul Ball, location: 2F
1-1: Foul Ball, location: 2F
1-2: Ball
2-2: Foul Ball, location: 2F
2-2: Strikes out looking
Batting: RHB Robert Buckley 0-0: Ball
1-0: Called Strike
1-1: Foul Ball, location: 2F
1-2: Ball
2-2: Foul Ball, location: 2F
2-2: Foul Ball, location: 2F
2-2: Ball
3-2: Foul Ball, location: 2F
3-2: Strikes out swinging
Batting: LHB José Flores 0-0: Swinging Strike
0-1: Ball
1-1: Called Strike
1-2: Foul Ball, location: 2F
1-2: Foul Ball, location: 2F
1-2: Strikes out swinging
Top of the 6th over - 0 run(s), 0 hit(s), 0 error(s), 0 left on base; Hendersonville 1 - New Orleans 1
BOTTOM OF THE 6TH
New Orleans Looters batting - Pitching for Hendersonville Hitmen : RHP Won-min Im
Batting: RHB Stephen Shaw 0-0: Swinging Strike
0-1: Foul Ball, location: 2F
0-2: Ball
1-2: Foul Ball, location: 2F
1-2: Ball
2-2: Ball
3-2: Strikes out swinging
Batting: LHB Taylor Smith 0-0: Ball
1-0: Fly out, F9 (Line Drive, 9S)
Batting: SHB Zach Franks 0-0: Swinging Strike
0-1: Called Strike
0-2: Strikes out looking
Bottom of the 6th over - 0 run(s), 0 hit(s), 0 error(s), 0 left on base; Hendersonville 1 - New Orleans 1
TOP OF THE 7TH
Hendersonville Hitmen batting - Pitching for New Orleans Looters : RHP Marty Bradford
Pinch Hitting: SHB Tony López 0-0: Called Strike
0-1: Ground out 1-3 (Groundball, 13)
Pinch Hitting: SHB David Johnstone 0-0: Called Strike
0-1: Swinging Strike
0-2: Ball
1-2: Strikes out swinging, 2-3 out at first.
Batting: RHB Robert Bly 0-0: Ball
1-0: Ball
2-0: Ball
3-0: Called Strike
3-1: Called Strike
3-2: Foul Ball, location: 2F
3-2: Base on Balls
Batting: LHB Pedro Gonzáles 0-0: Called Strike
0-1: Ball
1-1: Ball
2-1: Foul Ball, location: 2F
2-2: Ball
3-2: Base on Balls
Robert Bly to second
Pitching: LHP Tadao Yoshida
Pinch Hitting: RHB Junior Vargas 0-0: Foul Ball, location: 2F
0-1: Foul Ball, location: 2F
0-2: Ball
1-2: Strikes out swinging
Top of the 7th over - 0 run(s), 0 hit(s), 0 error(s), 2 left on base; Hendersonville 1 - New Orleans 1
BOTTOM OF THE 7TH
New Orleans Looters batting - Pitching for Hendersonville Hitmen : RHP Won-min Im
Now at 1B: David Johnstone
Now at 2B: Junior Vargas
Now in CF: Tony López
Batting: LHB Luis Sánchez 0-0: Called Strike
0-1: Swinging Strike
0-2: Ball
1-2: Foul Ball, location: 2F
1-2: Fly out, F3 (Line Drive, 34)
Batting: SHB Nate Rhodes 0-0: Ball
1-0: SINGLE (Line Drive, 7LS)
Pitching: LHP Alfonso Ramos
Batting: LHB Justino Salas 0-0: Ball
1-0: Called Strike
1-1: Swinging Strike
1-2: Foul Ball, location: 2F
1-2: Ball
2-2: Strikes out swinging
Batting: RHB Dave O'Loan 0-0: Swinging Strike
0-1: Ball
Nate Rhodes steals 2nd base
1-1: Foul Ball, location: 2F
1-2: Hit by Pitch
Batting: RHB Ángel Castaneda 0-0: Called Strike
0-1: Ball
1-1: Foul Ball, location: 2F
1-2: Strikes out swinging
Bottom of the 7th over - 0 run(s), 1 hit(s), 0 error(s), 2 left on base; Hendersonville 1 - New Orleans 1
TOP OF THE 8TH
Hendersonville Hitmen batting - Pitching for New Orleans Looters : LHP Tadao Yoshida
Batting: RHB Manolo Román 0-0: Foul Ball, location: 2F
0-1: SINGLE (Groundball, 6MD)
Batting: LHB Tony Abete 0-0: Fly out, F5 (Popup, 25F)
Batting: RHB Robert Buckley 0-0: Called Strike
0-1: Swinging Strike
0-2: Ball
1-2: Foul Ball, location: 2F
1-2: Ball
2-2: Ball
3-2: Strikes out swinging
Batting: LHB José Flores 0-0: Foul Ball, location: 2F
0-1: Ball
1-1: Called Strike
1-2: Ground out 3-1 (Groundball, 34)
Top of the 8th over - 0 run(s), 1 hit(s), 0 error(s), 1 left on base; Hendersonville 1 - New Orleans 1
BOTTOM OF THE 8TH
New Orleans Looters batting - Pitching for Hendersonville Hitmen : LHP Alfonso Ramos
Batting: RHB Rich Ruffin 0-0: SINGLE (Line Drive, 56D)
Pinch Runner at 1st Francisco Vega:
Batting: RHB Stephen Shaw 0-0: Called Strike
0-1: Bunted foul
0-2: Ball
1-2: Foul Ball, location: 2F
1-2: Ball
2-2: Foul Ball, location: 2F
2-2: Ball
3-2: Fly out, F7 (Flyball, 7M)
Batting: LHB Taylor Smith 0-0: Foul Ball, location: 2F
0-1: Swinging Strike
0-2: Ball
1-2: Ball
2-2: Strikes out looking
Batting: SHB Zach Franks 0-0: Ball
Francisco Vega is caught stealing 2nd base
Bottom of the 8th over - 0 run(s), 1 hit(s), 0 error(s), 0 left on base; Hendersonville 1 - New Orleans 1
TOP OF THE 9TH
Hendersonville Hitmen batting - Pitching for New Orleans Looters : LHP Tadao Yoshida
Pitching: LHP Juan Méndez
Now at 3B: José Mora
Batting: SHB Tony López 0-0: Ball
1-0: Called Strike
1-1: Ball
2-1: Ball
3-1: Base on Balls
Batting: SHB David Johnstone 0-0: Grounds into double play, 6-4-3 (Groundball, 6)
Batting: RHB Robert Bly 0-0: Ball
1-0: Fly out, F1 (Popup, 23)
Top of the 9th over - 0 run(s), 0 hit(s), 0 error(s), 0 left on base; Hendersonville 1 - New Orleans 1
BOTTOM OF THE 9TH
New Orleans Looters batting - Pitching for Hendersonville Hitmen : LHP Alfonso Ramos
Batting: SHB Zach Franks 0-0: Called Strike
0-1: Ball
1-1: Swinging Strike
1-2: DOUBLE (Line Drive, 78D)
Batting: LHB Luis Sánchez 0-0: Called Strike
0-1: Foul Ball, location: 2F
0-2: Ball
1-2: Foul Ball, location: 2F
1-2: Strikes out swinging
Pitching: RHP Robinson Gonzáles
Batting: SHB Nate Rhodes 0-0: DOUBLE (Flyball, 78XD)
Zach Franks scores
Monday, December 5th, 2016 - OOTP Baseball 17.12 Build 75